 Dungeon Crawl Stone Soup version 0.28.0-45-g0d030f2227 (webtiles) character file.

Game seed: 14328847894692109089

85 Destapler the Cudgeller (level 4, -3/45 HPs)
             Began as a Troll Berserker on Apr 9, 2022.
             Was a Believer of Trog.
             Killed from afar by Natasha (6 damage)
             ... with a magic dart
             ... while paralysed
             ... on level 2 of the Dungeon.
             The game lasted 00:02:12 (1582 turns).

Destapler the Cudgeller (Troll Berserker)           Turns: 1582, Time: 00:02:13

Health: -3/45      AC:  4    Str: 26 (27) XL:     4   Next: 25%
Magic:  3/3        EV:  1    Int:  0 (3)  God:    Trog [**....]
Gold:   54         SH:  0    Dex:  7 (9)  Spells: 3/3 levels left

rFire   . . .      SeeInvis .   a - +0 mace
rCold   . . .      Faith    .   (no shield)
rNeg    . . .      Spirit   .   b - +0 animal skin
rPois   .          Reflect  .   (helmet restricted)
rElec   .          Harm     .   (no cloak)
rCorr   .          Rampage  .   (gloves unavailable)
Will    .....                   (boots unavailable)
Stlth   +.........              (no amulet)
HPRegen 0.95/turn               (no ring)
MPRegen 0.08/turn               (no ring)

@: paralysed, on berserk cooldown, slowed, lost intelligence, unable to read
A: large, unfitting armour, claws 3, regeneration 1, shaggy fur 1, tough skin 1
a: Renounce Religion, Berserk, Trog's Hand


You were on level 2 of the Dungeon.
You worshipped Trog.
Trog was pleased with you.
You visited 1 branch of the dungeon, and saw 3 of its levels.

You collected 54 gold pieces.

Inventory:

Hand Weapons
 a - a +0 mace (weapon)
Missiles
 g - 3 atropa-tipped darts (quivered)
Armour
 b - a +0 animal skin (worn)
Jewellery
 h - a ring of ice
Scrolls
 c - 2 scrolls of teleportation {unknown}
 e - 2 scrolls of enchant weapon {unknown}
Potions
 f - a potion of heal wounds {unknown}
 i - a potion of lignification {unknown}


   Skills:
 + Level 3.1 Fighting
 + Level 3.4 Maces & Flails
 + Level 3.1 Dodging


You had 3 spell levels left.
You didn't know any spells.
Your spell library contained the following spells:

 Spells                   Type           Power      Damage    Failure   Level
 Sting                    Tmut/Pois      0%         1d3       58%         1
 Poisonous Vapours        Pois/Air       0%         N/A       75%         2
 Olgreb's Toxic Radiance  Pois           0%         N/A       100%        4


Dungeon Overview and Level Annotations

Branches:
Dungeon (3/15)

Altars:

Annotations:
D:2 Natasha


Innate Abilities, Weirdness & Mutations

You are too large for most types of armour.
You have claws for hands.
Your natural rate of healing is unusually fast.
You are covered in fur. (AC +1)
You have tough skin. (AC +1)


Message History

The atropa-tipped dart closely misses Natasha.
Natasha stares at you and mumbles some strange words.
The magic dart hits you! Natasha claws you.
Throw: 4 darts (atropa)
Press: ? - help, Q - select action, (/) - cycle Shift-Dir - straight line, f/p - Natasha
Aim: Natasha (45% to hit, chance to blind on hit: 75%)
You throw an atropa-tipped dart.
The atropa-tipped dart closely misses Natasha.
Natasha barely misses you.
You hit Natasha.
Natasha is lightly wounded.
Natasha casts a spell at you. The magic dart hits you! Natasha claws you!
* * * LOW HITPOINT WARNING * * *
You hit Natasha but do no damage.
Natasha is lightly wounded.
Natasha mumbles some strange words.
Natasha claws you!
* * * LOW HITPOINT WARNING * * *
You hit Natasha.
Natasha is heavily wounded.
Natasha claws you.
* * * LOW HITPOINT WARNING * * *
Natasha stares at you and mumbles some strange words.
The magic dart hits you!
* * * LOW HITPOINT WARNING * * *
Natasha mumbles some strange words.
Natasha shimmers violently.
Natasha barely misses you.
It was a potion of degeneration.
There was something very wrong with that liquid.
You feel weakened.
You feel dopey.
You have lost your intelligence.
You feel clumsy. Natasha claws you.
* * * LOW HITPOINT WARNING * * *
Natasha casts a spell at you.
The magic dart hits you but does no damage.
Natasha stares at you and mumbles some strange words.
The magic dart hits you.
You die...

,,,,,,,,***,,,,,,,,** ******
,,,,,,,,*##........## *** *,,,,*
,,,,,,,,*#..........#**.***,,,,**
,,,,,,,,.#..........##.,,,,,,,,,*
***,,***..............,,***,,,,,,
,,,,,,,,............#**,,**,,,,**
,***,,**##..........# #..#******
,* **,*,........)..#* #..#,,,,,*
,* *,*,**#....5@..# #..#,,...**
,** *,,,* ###..h##.# #..#,....,,
,,***,*** ###.##†# #..#,....,*
*,**,,,* #(.#.# #..#.....**
*,,,,*,* ##.#.####..#.....*
***,,*,***** #...##..........*
***,,,,,,,,*#####.....#..######*
,**,,,,)**,.........###.....#***
,,,,,,,,,,,..#####..##..###....#


You could see Natasha and a white imp (summoned).

Vanquished Creatures
  Natasha (twice) (D:2)
  A dart slug (D:2)
  3 ball pythons
  5 bats
  2 endoplasms (D:1)
  A giant cockroach (D:2)
  5 goblins
  4 hobgoblins (D:1)
  4 frilled lizards
  5 rats
32 creatures vanquished.

Vanquished Creatures (others)
  5 toadstools (D:1)
5 creatures vanquished.

Grand Total: 37 creatures vanquished

Notes
Turn   | Place    | Note
-------+----------+-------------------------------------------
     0 | D:1      | Destapler the Troll Berserker began the quest for the Orb.
     0 | D:1      | Reached XP level 1. HP: 22/22 MP: 0/0
   181 | D:1      | Reached XP level 2. HP: 28/29 MP: 1/1
  1049 | D:2      | Reached XP level 3. HP: 36/36 MP: 2/2
  1171 | D:2      | Reached ** piety under Trog
  1349 | D:2      | Found a faded altar of an unknown god.
  1426 | D:3      | Noticed Natasha
  1442 | D:2      | Killed Natasha
  1549 | D:2      | Noticed Natasha
  1558 | D:2      | Killed Natasha
  1559 | D:2      | Reached XP level 4. HP: 45/45 MP: 3/3
  1565 | D:2      | Noticed Natasha
  1580 | D:2      | Lost intelligence.
  1580 | D:2      | HP: 1/45 [Natasha (6)]
  1582 | D:2      | Killed from afar by Natasha

Illustrated notes

Levels and vault maps discovered:
D:1:      ldierk_walled_garden, layout_basic
D:2:      layout_rooms, shapermc_ecumenical_altar_venn
D:3:      layout_basic, elyvilon_altar_3, mainiacjoe_overflow_catwalk,
          serial_glass, glass_columns_b, glass_columns_c, glass_columns_b,
          glass_columns_b, minmay_ruptured, uniq_natasha

Skill      XL: |  1  2  3 |
---------------+----------+-----
Maces & Flails | 3 |  3.4
Fighting       | 3 |  3.1
Dodging        | 3 |  3.1

Action                   |  1- 3 |  4- 6 || total
-------------------------+-------+-------++-------
Melee: Mace              |   107 |     5 ||   112
Throw: Dart              |       |     3 ||     3
Invok: Berserk           |     2 |       ||     2
  Use: Potion            |       |     1 ||     1
Armor: Animal skin       |    47 |     4 ||    51
Dodge: Dodged            |    55 |     4 ||    59
